 Dungeon Crawl Stone Soup version 0.24-a0-108-g011bc4b (console) character file.

Game seed: 7621616282069191922

13027 Duffy the Thaumaturge (level 11, -6/64 HPs)
             Began as a Deep Elf Fire Elementalist on Feb 15, 2019.
             Was a Priest of Vehumet.
             Mangled by a polar bear (21 damage)
             ... on level 1 of the Lair of Beasts.
             The game lasted 00:18:41 (13680 turns).

Duffy the Thaumaturge (Deep Elf Fire Elementalist) Turns: 13680, Time: 00:18:42

Health: -6/64      AC: 16    Str: 10    XL:     11   Next: 70%
Magic:  1/43       EV: 17    Int: 24    God:    Vehumet [***...]
Gold:   286        SH:  7    Dex: 19    Spells: 19/32 levels left

rFire    . . .     SeeInvis +   z - staff of power {!a}
rCold    . . .     Gourm    .   E - +1 buckler {rPois}
rNeg     . . .     Faith    .   f - +5 robe of the Other World {rElec}
rPois    +         Spirit   .   v - +0 helmet
rElec    +         Reflect  .   k - +1 cloak
rCorr    .         Harm     .   w - +0 pair of gloves
MR       ++...     Clarity  +   G - +2 pair of boots Stlth ++........NoTele +
                                (no amulet)
HPRegen  0.20/turn              r - ring of Youthful Indiscretion {-Tele rPois Str+3 SInv}
MPRegen  0.28/turn              D - +4 ring of dexterity

@: no status effects
A: rugged brown scales 1, clarity, magic resistance 1, strong 1
a: Renounce Religion


You were on level 1 of the Lair of Beasts.
You worshipped Vehumet.
Vehumet was most pleased with you.
You were very hungry.

You visited 3 branches of the dungeon, and saw 13 of its levels.
You also visited: Sewer.

You collected 646 gold pieces.
You spent 360 gold pieces at shops.

Inventory:

Hand Weapons
 u - the +6 falchion "Zisyam" {speed, Dex+3 Stlth+}
   (You found it on level 10 of the Dungeon)

   Attacks with this weapon are significantly faster.
   It affects your dexterity (+3).
   It makes you more stealthy.
Armour
 f - the +5 robe of the Other World (worn) {rElec}
   (You found it on level 1 of the Lair of Beasts)

   It insulates you from electricity.
 k - a +1 cloak (worn)
 v - a +0 helmet (worn)
 w - a +0 pair of gloves (worn)
 E - a +1 buckler of poison resistance (worn)
 G - a +2 pair of boots (worn)
Magical Staves
 z - an uncursed staff of power (weapon) {!a}
 A - an uncursed staff of earth {!a}
Jewellery
 j - an uncursed ring of flight
 r - the ring of Youthful Indiscretion (left hand) {-Tele rPois Str+3 SInv}
   (You found it on level 10 of the Dungeon)

   [ring of see invisible]

   It affects your strength (+3).
   It protects you from poison.
   It lets you see invisible.
   It prevents most forms of teleportation.
 D - a +4 ring of dexterity (right hand)
Wands
 b - a wand of flame (4)
 m - a wand of paralysis (14)
 C - a wand of polymorph (6)
Scrolls
 g - 2 scrolls of remove curse
 h - 5 scrolls of amnesia
 i - 3 scrolls of teleportation
 n - 5 scrolls of immolation
 o - a scroll of random uselessness {unknown}
 q - 2 scrolls of enchant armour {unknown}
 t - a scroll of fear {unknown}
 x - a scroll of magic mapping {unknown}
 y - 3 scrolls of blinking {unknown}
 B - 2 scrolls of fog {unknown}
 H - 2 scrolls of silence {unknown}
Potions
 d - 9 potions of curing
 e - a potion of brilliance {unknown}
 l - a potion of resistance {unknown}
 s - 2 potions of cancellation {unknown}
 F - a potion of flight {unknown}
Miscellaneous
 a - a fan of gales (inert)
Comestibles
 c - 22 rations


   Skills:
 - Level 5.0 Fighting
 - Level 4.0 Armour
 - Level 6.0 Dodging
 - Level 2.4 Stealth
 - Level 4.0 Shields
 + Level 11.2 Spellcasting
 + Level 9.8 Conjurations
 + Level 9.7 Fire Magic
 - Level 6.0 Evocations


You had 19 spell levels left.
You knew the following spells:

 Your Spells              Type           Power        Failure   Level  Hunger
h - Flame Tongue          Conj/Fire      #####        1%          1    None
j - Sticky Flame          Conj/Fire      ######..     1%          4    None
k - Fireball              Conj/Fire      ######....   1%          5    ####...
l - Conjure Flame         Conj/Fire      ######..     1%          3    None

Your spell library contained the following spells:

 Spells                   Type           Power        Failure   Level  Hunger
 Throw Icicle             Conj/Ice       #####...     1%          4    None
 Throw Flame              Conj/Fire      ######       1%          2    None
 Inner Flame              Hex/Fire       #####...     1%          3    None
 Animate Skeleton         Necr           N/A          4%          1    None
 Apportation              Tloc           ##....       4%          1    None
 Confusing Touch          Hex            ##....       4%          1    None
 Summon Small Mammal      Summ           ##..         4%          1    None


Dungeon Overview and Level Annotations

Branches:
Dungeon (10/15)            Temple (1/1) D:4            Lair (2/6) D:8
    Orc (0/2) D:9
  Swamp: Lair:2-4    Shoals: Lair:2-4     Snake: Lair:2-4    Spider: Lair:2-4

Altars:
Ashenzari
Cheibriados
Dithmenos
Elyvilon
Fedhas
Gozag
Hepliaklqana
Kikubaaqudgha
Makhleb
Nemelex Xobeh
Okawaru
Qazlal
Ru
Sif Muna
Trog
Uskayaw
Vehumet
Wu Jian
Xom
Yredelemnul
Zin
The Shining One

Shops:
D:7 [


Innate Abilities, Weirdness & Mutations

You are partially covered in rugged brown scales. (AC +1, +3% HP)
You possess an exceptional clarity of mind.
You are resistant to hostile enchantments. (MR+)
Your muscles are strong. (Str +2)


Message History

You block the polar bear's attack.
Evoke which item? (* to show all) (? for menu, Esc to quit)
Aiming: Throw Flame
Press: ? - help, Shift-Dir - straight line, f/p - polar bear
Aim: a polar bear (severely wounded, berserk, fast, unusually strong)
The puff of flame hits the polar bear.
The polar bear is severely wounded.
The polar bear bites you but does no damage.
The polar bear barely misses you. The polar bear completely misses you.
The polar bear closely misses you.
The polar bear claws you but does no damage.
The polar bear completely misses you.
Evoke which item? (* to show all) (? for menu, Esc to quit)
Aiming: Throw Flame
Press: ? - help, Shift-Dir - straight line, f/p - polar bear
Aim: a polar bear (severely wounded, berserk, fast, unusually strong)
The puff of flame hits the polar bear.
The polar bear is almost dead.
The polar bear bites you!!
You die...

##.## ##......>.# ##.####
#...# #...>....# #..# #...#
##.####P.## ##.## ##P.### ###
#...# #..# ##.#.# ##..# ##.##
#..## ##.## #..# #..## #..#
##..# ##..# ##h## #..## #..#
#P@.# #####..# ##.##
##..###.#...## #P..#
###........#..### ##..###
#.............#.# ##...#
##.[...........## ##..##
##...............# #....#
#................# ##
###.#####................##
##.
##...##.................P###..


You could see a polar bear (berserk).

Vanquished Creatures
  Pikel (D:5)
  An elephant (D:8)
  A centaur skeleton (D:9)
  2 komodo dragons
  Grinder (D:5)
  4 hippogriffs
  9 blink frogs (Lair:2)
  A spriggan (Lair:2)
  7 yaks
  2 basilisks (D:8)
  Grum (Lair:1)
  2 soldier ants (D:8)
  6 water moccasins
  2 porcupines (Lair:2)
  An ice beast (D:7)
  3 slaves (D:5)
  3 orc warriors
  3 sky beasts
  2 phantoms
  2 ogres (D:7)
  A necrophage (D:8)
  23 wolves
  7 centaurs
  3 crocodiles
  7 big kobolds (Sewer)
  A gnoll sergeant (D:8)
  6 bullfrogs
  A water moccasin zombie (D:9)
  3 scorpions
  6 howler monkeys
  3 crimson imps
  5 hounds
  3 jellies
  3 orc priests (D:9)
  Crazy Yiuf (D:7)
  3 orc wizards
  An iguana (D:10)
  7 worker ants
  3 gnolls (D:8)
  14 adders
  A river rat (Sewer)
  3 shadow imps (D:6)
  5 oozes (Sewer)
  An adder skeleton (D:9)
  5 worms
  5 dart slugs
  10 leopard geckos
  24 orcs
  3 ball pythons
  11 giant cockroaches
  4 goblins
  9 hobgoblins
  21 jackals
  2 quokkas (D:7)
  9 bats
  4 frilled lizards (D:2)
  9 kobolds
  A leopard gecko skeleton (D:4)
  A quokka skeleton (D:5)
  10 rats
  A fungus (Lair:2)
294 creatures vanquished.

Vanquished Creatures (others)
  An adder (D:5)
  An orc (D:5)
  4 fungi
6 creatures vanquished.

Grand Total: 300 creatures vanquished

Notes
Turn   | Place    | Note
-------+----------+-------------------------------------------
     0 | D:1      | Duffy the Deep Elf Fire Elementalist began the quest for
                  | the Orb.
     0 | D:1      | Reached XP level 1. HP: 10/10 MP: 6/6
   214 | D:1      | Reached XP level 2. HP: 15/15 MP: 5/8
   643 | D:1      | Reached XP level 3. HP: 19/19 MP: 7/9
   648 | D:1      | Learned a level 3 spell: Conjure Flame
  1102 | D:2      | Found a bloodstained altar of Trog.
  1397 | D:2      | Reached XP level 4. HP: 15/24 MP: 7/11
  1978 | D:2      | Found a deep blue altar of Sif Muna.
  1979 | D:2      | Found an iron altar of Okawaru.
  2387 | D:3      | Found a stormy altar of Qazlal.
  2438 | D:3      | Found a white marble altar of Elyvilon.
  2584 | D:3      | Learned a level 4 spell: Sticky Flame
  3045 | D:4      | Reached skill level 4 in Spellcasting
  3101 | D:4      | Reached XP level 5. HP: 28/28 MP: 4/13
  3484 | D:4      | Found a staircase to the Ecumenical Temple.
  3623 | Temple   | Entered the Ecumenical Temple
  3859 | D:4      | Learned a level 5 spell: Fireball
  4089 | D:4      | Noticed a phantom
  4101 | D:4      | Killed a phantom
  4101 | D:4      | Reached skill level 5 in Spellcasting
  4101 | D:4      | Reached XP level 6. HP: 21/32 MP: 5/15
  4269 | D:5      | Entered Level 5 of the Dungeon
  4269 | D:5      | Noticed Pikel
  4269 | D:5      | Noticed a slave
  4269 | D:5      | Noticed a slave
  4269 | D:5      | Noticed a slave
  4269 | D:5      | Noticed a slave
  4315 | D:5      | Killed Pikel
  4315 | D:5      | Reached skill level 6 in Spellcasting
  4315 | D:5      | Reached XP level 7. HP: 14/36 MP: 4/19
  4513 | D:5      | Reached skill level 7 in Spellcasting
  4759 | D:5      | Found a glowing drain.
  4772 | Sewer    | Entered a sewer
  4930 | Sewer    | Reached XP level 8. HP: 41/41 MP: 20/20
  5322 | Sewer    | Reached skill level 8 in Spellcasting
  5803 | D:5      | Found a blossoming altar of Fedhas.
  5810 | D:5      | Noticed Grinder
  5817 | D:5      | Killed Grinder
  6592 | D:6      | Found a radiant altar of Vehumet.
  6596 | D:6      | Became a worshipper of Vehumet
  6603 | D:6      | Reached skill level 9 in Spellcasting
  7183 | D:6      | Reached XP level 9. HP: 45/45 MP: 24/24
  7531 | D:7      | Reached skill level 1 in Armour
  7542 | D:7      | Found Tiecris's Armour Shop.
  7715 | D:7      | Found an opulent altar of Gozag.
  8035 | D:7      | Found a runed translucent door.
  8036 | D:7      | Noticed Crazy Yiuf
  8158 | D:7      | Reached * piety under Vehumet
  8158 | D:7      | Offered knowledge of Shock by Vehumet.
  8268 | D:7      | Killed Crazy Yiuf
  8322 | D:7      | Bought a +1 buckler of poison resistance for 162 gold
                  | pieces
  8322 | D:7      | Bought a +2 pair of boots for 198 gold pieces
  8537 | D:8      | Reached skill level 1 in Fighting
  8857 | D:8      | Found a staircase to the Lair.
  8858 | D:8      | Noticed an elephant
  8869 | D:8      | Reached skill level 1 in Evocations
  8873 | D:8      | Killed an elephant
  8873 | D:8      | Reached XP level 10. HP: 29/54 MP: 20/25
  9509 | D:9      | Reached skill level 5 in Dodging
  9702 | D:9      | Found a staircase to the Orcish Mines.
  9858 | D:9      | You fall through a shaft!
  9858 | D:10     | Entered Level 10 of the Dungeon
  9891 | D:10     | Reached ** piety under Vehumet
  9940 | D:9      | Offered knowledge of Sting by Vehumet.
 10241 | D:9      | Reached skill level 5 in Evocations
 10953 | D:10     | Reached skill level 5 in Fighting
 11141 | D:10     | Got a wavering platinum ring
 11160 | D:9      | Identified the ring of Youthful Indiscretion {-Tele rPois
                  | Str+3 SInv} (You found it on level 10 of the Dungeon)
 11243 | D:10     | Got an ichor-stained falchion
 11244 | D:10     | Identified the +6 falchion "Zisyam" {speed, Dex+3 Stlth+}
                  | (You found it on level 10 of the Dungeon)
 11365 | D:10     | Gained mutation: You are resistant to hostile enchantments.
                  | (MR+) [potion of mutation]
 11365 | D:10     | Gained mutation: You possess an exceptional clarity of
                  | mind. [potion of mutation]
 11365 | D:10     | Gained mutation: You are partially covered in rugged brown
                  | scales. (AC +1, +3% HP) [potion of mutation]
 11365 | D:10     | Gained mutation: Your muscles are strong. (Str +2) [potion
                  | of mutation]
 11523 | D:10     | Found a sacrificial altar of Ru.
 11963 | Lair:1   | Entered Level 1 of the Lair of Beasts
 11984 | Lair:1   | Got a shimmering robe
 11995 | Lair:1   | Identified the +5 robe of the Other World {rElec} (You
                  | found it on level 1 of the Lair of Beasts)
 12096 | Lair:1   | Reached XP level 11. HP: 64/64 MP: 26/26
 12374 | Lair:1   | Noticed Grum
 12380 | Lair:1   | Offered knowledge of Throw Frost by Vehumet.
 12383 | Lair:1   | Killed Grum
 13145 | Lair:2   | Reached skill level 10 in Spellcasting
 13390 | Lair:2   | Reached *** piety under Vehumet
 13649 | Lair:2   | Reached skill level 11 in Spellcasting
 13657 | Lair:2   | Noticed an eight-headed hydra
 13659 | Lair:2   | Offered knowledge of Throw Icicle by Vehumet.
 13680 | Lair:1   | Mangled by a polar bear

Levels and vault maps discovered:
D:1:      dpeg_arrival_connections, layout_basic, kennysheep_another_room,
          minmay_fountain_box
D:2:      layout_loops_ring, bloody_trog, gammafunk_temple_overflow_pools
D:3:      layout_loops_ring, elyvilon_altar_1, first_ration, grunt_qazlal_clouds
D:4:      layout_basic, temple_statues
D:5:      layout_basic, gup_sewer_entry_pipe, fedhas_bush_and_centaur_altar,
          uniq_grinder, uniq_pikel
D:6:      layout_gridville, vehumet_crystals
D:7:      layout_rooms, nicolae_gozag_seed_capital, serial_shops, shop,
          uniq_crazy_yiuf_cottage
D:8:      layout_loops_ring, david_lair_generic, hangedman_pestilent_swarm
D:9:      layout_basic, orc_0_dummy
D:10:     layout_long_grid, nicolae_ru_the_path_less_chosen
Temple:   nicolae_temple_elliptical
Lair:1:   layout_cave_pods, uniq_grum
Lair:2:   layout_loops_ring, grunt_forest_stairs_clearing,
          infiniplex_staircase_pool_2, lemuel_fruit_tree
Sewer:    sewer_co_tree

Skill      XL: |  1  2  3  4  5  6  7  8  9 10 11 |
---------------+----------------------------------+-----
Conjurations   | 2 3 4 6 7 8 9 |  9.8
Fire Magic     | 4 6 7 8 9 |  9.7
Spellcasting   | 4 5 6 7 9 11 | 11.2
Armour         | 4 |  4.0
Shields        | 3 4 |  4.0
Fighting       | 2 5 |  5.0
Dodging        | 4 6 |  6.0
Evocations     | 2 6 |  6.0
Stealth        | |  2.4

Action                   |  1- 3 |  4- 6 |  7- 9 | 10-12 || total
-------------------------+-------+-------+-------+-------++-------
 Cast: Flame Tongue      |    71 |    81 |   208 |   204 ||   564
       Sticky Flame      |       |     3 |    23 |    35 ||    61
       Conjure Flame     |       |     1 |     7 |    14 ||    22
       Fireball          |       |       |       |    37 ||    37
Evoke: Wand              |       |     3 |    10 |    11 ||    24
       Fan of gales      |       |       |       |     1 ||     1
  Use: Scroll            |       |       |     8 |     3 ||    11
       Potion            |       |       |       |     1 ||     1
  Eat: Chunk             |     1 |     9 |    12 |    17 ||    39
       Ration            |       |       |     1 |     1 ||     2
Armor: Robe              |     4 |     4 |    20 |    19 ||    47
Dodge: Dodged            |    12 |    27 |    49 |    79 ||   167
Block: Buckler           |       |       |     4 |    40 ||    44

Table legend:
 A = Non-vault XP
 B = Vault XP
 C = Vault XP percentage of total XP
 D = Non-vault monster count
 E = Vault monster count
 F = Vault count percentage of total count
                 A         B        C        D         E       F
            +---------+---------+-------+---------+---------+-------
      Total |   13954 |    4656 |  25.0 |     236 |      55 |  18.9
            +---------+---------+-------+---------+---------+-------
        D:1 |      48 |       0 |   0.0 |      25 |       0 |   0.0
        D:2 |      86 |       0 |   0.0 |      28 |       0 |   0.0
        D:3 |      29 |       0 |   0.0 |       9 |       0 |   0.0
        D:4 |     293 |       0 |   0.0 |      17 |       0 |   0.0
        D:5 |     284 |    1079 |  79.2 |      16 |       9 |  36.0
        D:6 |     186 |       0 |   0.0 |       6 |       0 |   0.0
        D:7 |     877 |      40 |   4.4 |      23 |       1 |   4.2
        D:8 |     923 |    1521 |  62.2 |      19 |       8 |  29.6
        D:9 |    3454 |       0 |   0.0 |      41 |       0 |   0.0
       D:10 |    1125 |       0 |   0.0 |      13 |       0 |   0.0
     Lair:1 |    1703 |     647 |  27.5 |      12 |       5 |  29.4
     Lair:2 |    4946 |     576 |  10.4 |      27 |       4 |  12.9
      Sewer |       0 |     793 | 100.0 |       0 |      28 | 100.0
            +---------+---------+-------+---------+---------+-------
